 Dungeon Crawl Stone Soup version 0.24-a0-307-gf989941 (webtiles) character file.

Game seed: 7551859128159474114

893 nikopol the Firebug (level 7, -2/37 HPs)
             Began as a Deep Elf Fire Elementalist on May 13, 2019.
             Killed from afar by an orc wizard (7 damage)
             ... with a magic dart
             ... on level 5 of the Dungeon.
             The game lasted 00:15:09 (4521 turns).

nikopol the Firebug (Deep Elf Fire Elementalist)    Turns: 4521, Time: 00:15:10

Health: -2/37      AC:  4    Str:  5    XL:     7   Next: 78%
Magic:  1/18       EV: 13    Int: 22    God:
Gold:   266        SH:  6    Dex: 15    Spells: 1/18 levels left

rFire    . . .     SeeInvis .   p - +0 short sword
rCold    . . .     Gourm    .   i - +1 buckler
rNeg     + . .     Faith    .   a - +0 robe
rPois    .         Spirit   .   t - +1 helmet
rElec    .         Reflect  .   (no cloak)
rCorr    .         Harm     .   (no gloves)
MR       .....                  (no boots)
Stlth    ++........             (no amulet)
HPRegen  0.12/turn              k - ring of positive energy
MPRegen  0.16/turn              (no ring)

@: no status effects
A: no striking features
a: no special abilities


You were on level 5 of the Dungeon.
You were not hungry.

You visited 2 branches of the dungeon, and saw 6 of its levels.

You collected 266 gold pieces.

Inventory:

Hand Weapons
 p - a +0 short sword (weapon)
Armour
 a - a +0 robe (worn)
 i - a +1 buckler (worn)
 t - a +1 helmet (worn)
Jewellery
 k - a ring of positive energy (left hand)
 w - an uncursed ring of ice
 z - a cursed ring of protection from magic {unknown}
Scrolls
 d - 5 scrolls of identify
 e - 3 scrolls of fear
 f - a scroll of immolation
 h - 4 scrolls of teleportation
 l - 2 scrolls of enchant armour
 o - a scroll of magic mapping
 q - a scroll of remove curse {unknown}
 r - a scroll of blinking {unknown}
 y - a scroll of enchant weapon {unknown}
Potions
 b - 3 potions of agility
 g - a potion of heal wounds
 j - 2 potions of degeneration {unknown}
 m - a potion of mutation {unknown}
 n - a potion of cancellation {unknown}
 s - a potion of might {unknown}
 u - a potion of curing {unknown}
 v - 2 potions of lignification {unknown}
 x - 2 potions of haste {unknown}
Comestibles
 c - 8 rations
 A - a chunk of flesh


   Skills:
 + Level 0.7 Fighting
 + Level 2.8 Dodging
 + Level 3.2 Stealth
 * Level 3.3 Shields
 + Level 6.1 Spellcasting
 + Level 3.9 Conjurations
 + Level 6.2 Fire Magic


You had one spell level left.
You knew the following spells:

 Your Spells              Type           Power        Failure   Level  Hunger
a - Flame Tongue          Conj/Fire      ####.        1%          1    None
b - Throw Flame           Conj/Fire      ####..       1%          2    None
c - Conjure Flame         Conj/Fire      ####....     3%          3    #......
d - Sticky Flame          Conj/Fire      ####....     12%         4    ###....
e - Fireball              Conj/Fire      ####......   32%         5    #####..
k - Blink                 Tloc           N/A          14%         2    None

Your spell library contained the following spells:

 Spells                   Type           Power        Failure   Level  Hunger
 Magic Dart               Conj           ###.         1%          1    None
 Shock                    Conj/Air       ###.         4%          1    None
 Beastly Appendage        Tmut           #.....       10%         1    None
 Inner Flame              Hex/Fire       ###.....     8%          3    #......
 Static Discharge         Conj/Air       ###.....     13%         3    #......
 Call Imp                 Summ           #.......     14%         2    None
 Slow                     Hex            #.......     14%         2    None
 Sticks to Snakes         Tmut           #.......     14%         2    None
 Swiftness                Chrm/Air       #.......     14%         2    None
 Mephitic Cloud           Conj/Pois/Air  ##......     17%         3    #......
 Spider Form              Tmut/Pois      #.........   28%         3    #......
 Airstrike                Air            #.........   67%         4    ###....
 Ice Form                 Ice/Tmut       #.......     67%         4    ###....
 Lightning Bolt           Conj/Air       ###.......   75%         5    #####..
 Blade Hands              Tmut           #.........   95%         5    #####..


Dungeon Overview and Level Annotations

Branches:
Dungeon (5/15)             Temple (1/1) D:5

Altars:
Ashenzari
Cheibriados
Dithmenos
Elyvilon
Fedhas
Gozag
Hepliaklqana
Kikubaaqudgha
Makhleb
Nemelex Xobeh
Okawaru
Qazlal
Ru
Sif Muna
Trog
Uskayaw
Wu Jian
Xom
Yredelemnul
Zin
The Shining One

Shops:
D:4 [((


Message History

Confirm with . or Enter, or press ? or * to list all spells.
Aiming: Flame Tongue (safe; 1% risk of failure)
Press: ? - help, Shift-Dir - straight line, f/p - orc wizard
Aim: an orc wizard, wielding a +0 quarterstaff and wearing a +0 robe The flame tongue hits the orc wizard!
The orc wizard is heavily wounded.
The orc wizard hits you with a +0 quarterstaff!
* * * LOW HITPOINT WARNING * * *
You hit the orc wizard but do no damage.
The orc wizard is heavily wounded.
The orc wizard casts a spell.
The orc wizard seems to speed up.
You closely miss the orc wizard.
The orc wizard is heavily wounded.
The orc wizard hits you with a +0 quarterstaff.
* * * LOW HITPOINT WARNING * * *
The orc wizard barely misses you. The orc wizard casts a spell at you.
The magic dart hits you!
You die...

#.# ##.######## ## ## #
#.........# . . ..
..##..###....#### .# ... ##.#
#.##......>.....# #.#.... ...#
#.##.........(..##.......
#..###.##......#o...)[(..)....
........#..###.#.รท...###=..#..
#.......#..# #.#@..).# .....
#.####.....###.......# .##.
#....#.........#.....# #
...>...##.............#
#.)..####.............#
###..)................#
##.###..........$.....
#...................#
###.###.#######


You could see an orc wizard.

Vanquished Creatures
  2 phantoms (D:5)
  An ice beast (D:5)
  A centaur (D:5)
  An ogre (D:4)
  2 centaur skeletons (D:4)
  3 orc wizards
  Terence (D:2)
  2 worker ants (D:4)
  A mummy (D:4)
  Robin (D:3)
  4 gnolls (D:4)
  10 adders
  An ooze (D:2)
  5 worms
  A dart slug (D:2)
  2 leopard geckos
  4 orcs
  7 giant cockroaches
  14 goblins
  12 hobgoblins
  6 kobolds
  A quokka (D:4)
  A ball python skeleton (D:4)
  7 bats
  8 frilled lizards
  A leopard gecko zombie (D:5)
  A quokka skeleton (D:4)
  7 rats
107 creatures vanquished.

Notes
Turn   | Place    | Note
-------+----------+-------------------------------------------
     0 | D:1      | nikopol the Deep Elf Fire Elementalist began the quest for
                  | the Orb.
     0 | D:1      | Reached XP level 1. HP: 10/10 MP: 6/6
   468 | D:1      | Reached XP level 2. HP: 15/15 MP: 6/8
   939 | D:2      | Reached XP level 3. HP: 19/19 MP: 1/9
  1051 | D:2      | Learned a level 2 spell: Throw Flame
  1055 | D:2      | Learned a level 3 spell: Conjure Flame
  1227 | D:2      | Reached skill level 1 in Shields
  1285 | D:2      | Reached XP level 4. HP: 22/24 MP: 6/11
  1291 | D:2      | Learned a level 4 spell: Sticky Flame
  1501 | D:2      | Noticed Terence
  1597 | D:2      | Killed Terence
  1866 | D:3      | Reached XP level 5. HP: 28/28 MP: 8/13
  2108 | D:3      | Noticed Robin
  2264 | D:3      | Killed Robin
  2405 | D:3      | Found an iron altar of Okawaru.
  2540 | D:3      | Found a white marble altar of Elyvilon.
  2608 | D:3      | Found a glowing silver altar of Zin.
  2817 | D:4      | Found Elohix's Weapon Emporium.
  2817 | D:4      | Noticed an ogre
  2829 | D:4      | Killed an ogre
  2829 | D:4      | Reached skill level 5 in Spellcasting
  2829 | D:4      | Reached skill level 5 in Fire Magic
  2829 | D:4      | Reached XP level 6. HP: 22/32 MP: 4/15
  2872 | D:4      | Found Karyti's Armour Shop.
  2924 | D:4      | Found a sand-covered staircase.
  2965 | D:4      | Found Cetwomirgh's Book Emporium.
  3088 | D:4      | Found a burning altar of Makhleb.
  3088 | D:4      | Found a snail-covered altar of Cheibriados.
  3125 | D:4      | Found Xiqoofeff's Weapon Shop.
  3996 | D:5      | Entered Level 5 of the Dungeon
  4022 | D:5      | Reached XP level 7. HP: 30/37 MP: 7/17
  4029 | D:5      | Learned a level 5 spell: Fireball
  4037 | D:5      | Found a shimmering altar of Xom.
  4078 | D:5      | Found a basalt altar of Yredelemnul.
  4086 | D:5      | Found a staircase to the Ecumenical Temple.
  4329 | Temple   | Entered the Ecumenical Temple
  4477 | D:5      | Learned a level 2 spell: Blink
  4521 | D:5      | Killed from afar by an orc wizard

Levels and vault maps discovered:
D:1:      wander_arrival_desolate, layout_basic
D:2:      minmay_spotlight, layout_rooms, grunt_ministairs_6, item_on_display_b,
          uniq_terence
D:3:      layout_rooms, overflow_temple_1_default, zin_treasury,
          lemuel_altar_in_water, uniq_robin
D:4:      layout_basic, grunt_temple_overflow_open, gup_ossuary_entry_pyramid,
          serial_shops, shop, nicolae_shop_temple_entry_statues_fountains, shop,
          shop
D:5:      layout_basic, nicolae_overflow_crystal_walls, kennysheep_mini_moat,
          minmay_temple_entry_offerings, first_ration, minmay_circle_x,
          uniq_blork_the_orc
Temple:   regret_index_temple_waves

Skill      XL: |  1  2  3  4  5  6  7 |
---------------+----------------------+-----
Stealth        | 3 |  3.2
Shields        | 1 2 3 |  3.3
Fire Magic     | 4 5 6 |  6.2
Spellcasting   | 4 5 6 |  6.1
Conjurations   | 2 3 |  3.9
Fighting       | |  0.7
Dodging        | |  2.8

Action                   |  1- 3 |  4- 6 |  7- 9 || total
-------------------------+-------+-------+-------++-------
Melee: Short sword       |       |     1 |     3 ||     4
 Cast: Flame Tongue      |    63 |   142 |    21 ||   226
       Conjure Flame     |       |     4 |       ||     4
       Sticky Flame      |       |     1 |     2 ||     3
       Throw Flame       |       |     5 |     3 ||     8
  Use: Scroll            |       |     7 |       ||     7
  Eat: Chunk             |     1 |     7 |       ||     8
       Ration            |       |     1 |       ||     1
Armor: Robe              |     3 |     6 |     2 ||    11
Dodge: Dodged            |    18 |    21 |     6 ||    45
Block: Buckler           |     1 |     7 |     1 ||     9

Table legend:
 A = Non-vault XP
 B = Vault XP
 C = Vault XP percentage of total XP
 D = Non-vault monster count
 E = Vault monster count
 F = Vault count percentage of total count
                 A         B        C        D         E       F
            +---------+---------+-------+---------+---------+-------
      Total |    1152 |     124 |   9.7 |      88 |      19 |  17.8
            +---------+---------+-------+---------+---------+-------
        D:1 |      24 |       0 |   0.0 |      15 |       0 |   0.0
        D:2 |      99 |      56 |  36.1 |      23 |       5 |  17.9
        D:3 |     114 |      36 |  24.0 |      18 |      12 |  40.0
        D:4 |     364 |      32 |   8.1 |      21 |       2 |   8.7
        D:5 |     551 |       0 |   0.0 |      11 |       0 |   0.0
            +---------+---------+-------+---------+---------+-------
